[Event "42nd Olympiad Baku 2016 Women"]
[Site "Baku"]
[Date "2016.09.08"]
[Round "6.2"]
[White "Jehad, Aysha"]
[Black "Angolikin, Goretti"]
[Result "1-0"]
[ECO "C62"]
[WhiteElo "1668"]
[BlackElo "1613"]
[Annotator ""]
[PlyCount "109"]
[EventDate "2016.??.??"]
[EventType "team-tourn"]
[EventCountry "AZE"]
[SourceTitle "playchess.com"]
[Source "ChessBase"]
[WhiteTeam "United Arab Emirates"]
[BlackTeam "Uganda"]
[WhiteTeamCountry "UAE"]
[BlackTeamCountry "UGA"]
[TimeControl "40/5400+30:1800+30"]

1. e4 {(00:00} e5 {(00:00} 2. Nf3 {(00:00} Nc6 {
(00:00} 3. Bb5 {(00:00} d6 {(05:21} 4. d4 {(01:
20} exd4 {(01:37} 5. Nxd4 {(00:46} Bd7 {(00:58} 6.
Bxc6 {(06:22} bxc6 {(00:56} 7. Nc3 {(06:22} Be7 {
(02:43} 8. Qf3 {(05:45} Nf6 {(23:46} 9. e5 {(18:
00} dxe5 {(02:55} 10. Nxc6 {(00:27} Bxc6 {(00:57} 11.
Qxc6+ {(00:06} Nd7 {(00:29} 12. Be3 {(09:46} a6 {
(13:29} 13. Rd1 {(03:22} f5 {(06:11} 14. Rxd7 {(
05:32} Qxd7 {(01:29} 15. Qxa8+ {(00:08} Bd8 {(00:18}
16. Qxa6 {(04:31} O-O {(01:08} 17. Qc4+ {(01:15} Kh8 {
(00:23} 18. O-O {(05:35} f4 {(07:56} 19. Bc5 {(
02:33} Be7 {(04:57} 20. Rd1 {(03:44} Bd6 {(00:48} 21.
Bxd6 {(01:26} cxd6 {(00:05} 22. Ne4 {(04:41} f3 {
(03:40} 23. gxf3 {(13:22} Qf5 {(07:02} 24. Nxd6 {
(02:23} Qxf3 {(01:30} 25. Nf7+ {(04:25} Rxf7 {(
01:38} 26. Rd8+ {(00:16} Rf8 {(00:50} 27. Rxf8+ {(00:
37} Qxf8 {(00:08} 28. Qe4 {(00:26} Qb8 {(00:58} 29. b3
{(00:41} h6 {(00:25} 30. a4 {(00:31} Qc7 {(01:
59} 31. Kg2 {(00:35} Qe7 {(01:06} 32. f4 {(00:30} Qh4
{(00:35} 33. Qxe5 {(00:30} Qg4+ {(00:40} 34. Kf2 {
(00:14} Qh4+ {(00:23} 35. Ke3 {(00:29} Qxh2 {(
00:50} 36. Qe8+ {(00:16} Kh7 {(00:10} 37. Qe4+ {(00:04]
} Kh8 {(00:23} 38. Kd4 {(01:24} Qf2+ {(00:30} 39. Ke5 {
(00:28} Qc5+ {(00:38} 40. Ke6 {(00:00} Qc8+ {(
00:00} 41. Kd5 {(16:50} Qb7+ {(02:14} 42. Kd4 {(03:19}
Qb4+ {(04:14} 43. Kd3 {(01:20} Qd6+ {(02:14} 44. Kc3 {
(03:35} Qa3 {(03:49} 45. f5 {(01:18} Kg8 {(03:
18} 46. Kc4 {(06:06} Qa1 {(01:15} 47. Qd5+ {(00:53}
Kh7 {(00:28} 48. a5 {(00:32} Qf1+ {(00:43} 49. Kc3 {
(00:32} Qa1+ {(01:22} 50. Kd2 {(00:34} Qf6 {(00:
56} 51. Qd3 {(01:05} Qg5+ {(00:37} 52. Kc3 {(00:18}
Qf6+ {(00:22} 53. Qd4 {(00:30} Qa6 {(01:18} 54. b4 {
(00:40} Kg8 {(01:37} 55. Qc4+ {(00:25} 1-0

[Event "42nd Olympiad Baku 2016 Women"]
[Site "Baku"]
[Date "2016.09.08"]
[Round "6.33"]
[White "Jennitha, Anto K"]
[Black "Ranasinghe, S D."]
[Result "1-0"]
[ECO "B33"]
[WhiteElo "1953"]
[BlackElo "1731"]
[Annotator ""]
[PlyCount "143"]
[EventDate "2016.??.??"]
[EventType "team-tourn"]
[EventCountry "AZE"]
[SourceTitle "playchess.com"]
[Source "ChessBase"]
[WhiteTeam "IPCA"]
[BlackTeam "SRI"]
[WhiteTeamCountry "IND"]
[BlackTeamCountry "SRI"]
[TimeControl "40/5400+30:1800+30"]

1. e4 {(00:00} c5 {(00:00} 2. Nf3 {(00:00} Nc6 {
(00:00} 3. d4 {(00:00} cxd4 {(00:00} 4. Nxd4 {(
00:00} Nf6 {(00:00} 5. Nc3 {(00:08} e5 {(00:29} 6.
Ndb5 {(00:34} d6 {(00:08} 7. Bg5 {(00:09} a6 {(
00:02} 8. Na3 {(00:08} b5 {(00:03} 9. Nd5 {(00:42} Be7
{(00:07} 10. Bxf6 {(00:31} Bxf6 {(00:05} 11. c3 {
(00:19} Bg5 {(00:42} 12. Nc2 {(00:19} O-O {(04:
31} 13. a4 {(01:39} Rb8 {(00:16} 14. axb5 {(13:04}
axb5 {(01:14} 15. Bd3 {(02:02} Be6 {(00:49} 16. Ncb4 {
(06:12} Nxb4 {(03:50} 17. Nxb4 {(00:18} Qd7 {(
01:46} 18. O-O {(02:10} Kh8 {(00:19} 19. Qe2 {(09:33}
f5 {(01:39} 20. f3 {(14:24} f4 {(04:03} 21. Ra6 {
(07:22} Bd8 {(00:26} 22. Kh1 {(03:59} Rb6 {(25:
35} 23. Rfa1 {(05:15} g5 {(04:30} 24. Rxb6 {(11:25}
Bxb6 {(00:31} 25. Bxb5 {(00:09} Qg7 {(03:45} 26. Bc4 {
(05:51} Bxc4 {(01:23} 27. Qxc4 {(00:01} g4 {(00:
12} 28. Qe2 {(01:20} h5 {(03:26} 29. Nd5 {(01:31} Bd8
{(02:39} 30. b4 {(00:51} Bh4 {(00:56} 31. Kg1 {(
04:58} Bd8 {(02:41} 32. Qf2 {(01:29} g3 {(00:27} 33.
hxg3 {(00:23} fxg3 {(00:08} 34. Qe3 {(00:43} Bg5 {
(01:14} 35. Qa7 {(00:52} Qh6 {(01:19} 36. Kf1 {(
02:30} h4 {(03:09} 37. Qd7 {(01:45} h3 {(00:57} 38.
Qxh3 {(03:02} Rxf3+ 39. Ke2 Rf2+ {(04:13} 40. Kd3 {(00:
00} Qxh3 {(00:00} 41. gxh3 {(00:05} Rd2+ {(01:21} 42.
Kc4 {(00:20} g2 {(00:18} 43. b5 {(02:10} Rc2 {(
01:44} 44. Rg1 {(00:15} Rb2 {(02:56} 45. b6 {(00:23}
Bd8 {(04:44} 46. b7 {(01:43} Rxb7 {(01:37} 47. Rxg2 {
(00:02} Kh7 {(00:17} 48. Ne3 {(02:59} Rc7+ {(02:
45} 49. Kd3 {(00:25} Rf7 {(00:50} 50. Nf5 {(01:49} Bb6
{(00:54} 51. h4 {(00:44} d5 {(00:33} 52. h5 {(
00:28} Bc5 {(01:28} 53. Rg6 {(01:54} Bf8 {(01:06} 54.
Re6 {(02:24} dxe4+ {(01:39} 55. Kxe4 {(00:03} Rc7 {
(00:11} 56. Kd3 {(00:52} Rd7+ {(00:20} 57. Kc2 {
(04:20} Rd5 {(00:56} 58. Re8 {(01:13} Ba3 {(01:
39} 59. c4 {(03:10} Ra5 {(01:49} 60. Kb3 {(03:32} Bc1
{(01:12} 61. Re7+ {(01:25} Kh8 {(00:12} 62. Nd6 {
(01:32} e4 {(07:00} 63. Nb5 {(04:08} e3 {(02:15]
} 64. h6 {(00:44} Ra6 {(00:47} 65. h7 {(00:36} Rh6 {
(03:38} 66. c5 {(02:37} Rxh7 {(00:15} 67. Re8+ {
(01:47} Kg7 {(00:04} 68. c6 {(00:33} e2 {(04:00]
} 69. c7 {(00:17} Rh3+ {(00:03} 70. Nc3 {(01:08} Be3 {
(03:47} 71. c8=Q {(00:43} e1=Q {(00:11} 72. Qxh3 {
(00:21} 1-0

[Event "42nd Olympiad Baku 2016 Women"]
[Site "Baku"]
[Date "2016.09.08"]
[Round "6.7"]
[White "Joao, Delfina"]
[Black "Meddeb, Chadha"]
[Result "0-1"]
[ECO "C01"]
[WhiteElo "1659"]
[BlackElo "1585"]
[Annotator ""]
[PlyCount "99"]
[EventDate "2016.??.??"]
[EventType "team-tourn"]
[EventCountry "AZE"]
[SourceTitle "playchess.com"]
[Source "ChessBase"]
[WhiteTeam "Angola"]
[BlackTeam "Tunisia"]
[WhiteTeamCountry "ANG"]
[BlackTeamCountry "TUN"]
[TimeControl "40/5400+30:1800+30"]

1. e4 {(00:00} e6 {(00:00} 2. d4 {(00:00} d5 {(
00:00} 3. exd5 {(00:00} exd5 {(00:00} 4. Bd3 {(00:14}
Nc6 {(00:00} 5. c3 {(00:03} Bd6 {(00:00} 6. h3 {
(00:20} Nge7 {(00:17} 7. Qf3 {(01:20} Be6 {(00:
18} 8. Ne2 {(02:32} Qd7 {(01:42} 9. Bf4 {(01:13} Bxf4
{(05:56} 10. Nxf4 {(03:28} O-O-O {(00:20} 11. Nd2 {
(03:35} Bf5 {(21:59} 12. Bb5 {(04:52} Rhe8 {(07:
13} 13. O-O-O {(00:45} Qd6 {(06:39} 14. Rhe1 {(02:34}
Ng6 {(04:14} 15. Bxc6 {(05:07} Rxe1 {(04:04} 16. Rxe1 {
(03:41} Qxf4 {(06:21} 17. Bxd5 {(05:48} Qxf3 {(
01:46} 18. Bxf3 {(01:01} Nf4 {(00:21} 19. Be4 {(11:48}
Be6 {(05:32} 20. a3 {(06:44} Rd6 {(06:05} 21. h4 {
(04:28} f5 {(00:32} 22. g3 {(01:10} Nh5 {(03:13]
} 23. Bd3 {(03:16} g6 {(00:44} 24. Bc4 {(02:08} Kd7 {
(01:41} 25. Be2 {(04:33} Nf6 {(00:18} 26. Nf3 {(
02:27} Ne4 {(02:26} 27. Ne5+ {(01:35} Kc8 {(02:46} 28.
Rf1 {(00:05} c5 {(04:33} 29. Bf3 {(05:06} cxd4 {
(00:43} 30. Bxe4 {(00:04} fxe4 {(00:12} 31. cxd4 {
(01:17} Rxd4 {(00:06} 32. Rd1 {(00:17} Rxd1+ {(
04:50} 33. Kxd1 Kc7 34. f3 {(06:08} Kd6 {(00:04} 35. Ng4 {
(00:24} exf3 {(01:42} 36. Nf2 {(00:36} Ke5 {(01:
20} 37. Kd2 {(01:57} Kd4 {(00:16} 38. b4 {(03:38} b6 {
(00:58} 39. g4 {(06:58} h6 {(06:32} 40. g5 {(00:
00} hxg5 {(00:00} 41. hxg5 {(00:48} a5 {(01:07} 42.
bxa5 {(01:24} bxa5 {(00:00} 43. Nd3 {(04:28} Bc4 {
(01:32} 44. Nf2 {(03:13} Bb5 {(07:32} 45. Nh3 {(
05:26} Ke4 {(00:50} 46. Nf2+ {(02:21} Kf4 {(00:14} 47.
Nh1 {(03:50} Kxg5 {(04:22} 48. Ke3 {(00:02} Kg4 {
(00:01} 49. Nf2+ {(00:38} Kg3 {(00:07} 50. Ne4+ {
(00:15} 0-1

[Event "42nd Olympiad Baku 2016 Women"]
[Site "Baku"]
[Date "2016.09.08"]
[Round "6.29"]
[White "Joshi, Sindira"]
[Black "Szekely, Olga"]
[Result "0-1"]
[ECO "B07"]
[WhiteElo "1574"]
[BlackElo "1754"]
[Annotator ""]
[PlyCount "69"]
[EventDate "2016.??.??"]
[EventType "team-tourn"]
[EventCountry "AZE"]
[SourceTitle "playchess.com"]
[Source "ChessBase"]
[WhiteTeam "NEP"]
[BlackTeam "GUM"]
[WhiteTeamCountry "NEP"]
[TimeControl "40/5400+30:1800+30"]

1. e4 {(00:00} d6 {(00:00} 2. d4 {(00:00} Nf6 {(
00:02} 3. Nc3 {(00:00} g6 {(00:11} 4. Nf3 {(00:04} Bg7
{(00:10} 5. h3 {(00:26} O-O {(00:36} 6. Be3 {(
00:13} c6 {(00:40} 7. Be2 {(04:25} Nbd7 {(01:36} 8.
Qd2 {(02:24} Qa5 {(02:47} 9. O-O {(02:29} e5 {(
05:02} 10. dxe5 {(01:53} dxe5 {(00:10} 11. a3 {(07:33}
Qc7 {(14:46} 12. h4 {(05:50} Ng4 {(03:02} 13. Bg5 {
(03:43} f6 {(02:43} 14. Be3 {(00:19} Nxe3 {(00:
23} 15. Qxe3 {(00:16} Nb6 {(01:52} 16. Rad1 {(04:12}
Be6 {(00:27} 17. Nd2 {(01:38} h5 {(02:11} 18. Na4 {
(03:37} Nxa4 {(01:39} 19. Bc4 {(03:03} Bxc4 {(
04:26} 20. Nxc4 {(00:06} Nb6 {(00:39} 21. Qb3 {(00:24}
Nxc4 {(01:06} 22. Qxc4+ {(00:07} Kh7 {(00:11} 23. Rd2 {
(00:41} Rad8 {(01:44} 24. Rfd1 {(00:05} Rxd2 {(
00:13} 25. Rxd2 {(00:04} Rd8 {(00:53} 26. Rd3 {(00:06}
Rxd3 {(00:31} 27. cxd3 {(00:06} Qd6 {(00:43} 28. a4 {
(02:25} Qd4 {(00:59} 29. Qb3 {(01:19} b6 {(00:
37} 30. Kf1 {(01:19} Qc5 {(01:17} 31. Ke2 {(00:44} Qc1
{(00:49} 32. Kf3 {(01:47} Qf4+ {(00:27} 33. Ke2 {
(00:23} Qxh4 {(00:26} 34. Qf7 {(00:33} Qg4+ {(
00:40} 35. Kf1 0-1

[Event "42nd Olympiad Baku 2016 Women"]
[Site "Baku"]
[Date "2016.09.08"]
[Round "6.17"]
[White "Jumba, Gloria"]
[Black "Shahudha, Mohammed"]
[Result "1-0"]
[ECO "D02"]
[WhiteElo "1591"]
[BlackElo "1022"]
[Annotator ""]
[PlyCount "91"]
[EventDate "2016.??.??"]
[EventType "team-tourn"]
[EventCountry "AZE"]
[SourceTitle "playchess.com"]
[Source "ChessBase"]
[WhiteTeam "Kenya"]
[BlackTeam "Maldives"]
[WhiteTeamCountry "KEN"]
[BlackTeamCountry "MDV"]
[TimeControl "40/5400+30:1800+30"]

1. d4 {(00:00} d5 {(00:00} 2. Nf3 {(00:00} Nc6 {
(00:06} 3. c4 {(04:51} e6 {(00:16} 4. e3 {(00:
08} Nf6 {(00:36} 5. Bd3 {(00:16} Be7 {(00:57} 6. O-O {
(00:09} O-O {(00:05} 7. Nc3 {(00:09} a6 {(01:42]
} 8. a3 {(00:31} Bd7 {(03:02} 9. Qc2 {(01:16} g6 {
(00:43} 10. Bd2 {(04:18} Rb8 {(02:48} 11. c5 {(
02:18} Qc8 {(01:33} 12. e4 {(03:15} dxe4 {(02:15} 13.
Nxe4 {(00:07} Nxe4 {(00:12} 14. Bxe4 {(00:04} Bf6 {
(02:22} 15. Bc3 {(00:06} Qe8 {(02:29} 16. Qe2 {(
02:52} e5 {(02:22} 17. Bxc6 {(10:20} Bxc6 {(01:31} 18.
dxe5 {(01:33} Rd8 {(05:35} 19. Rfe1 {(01:42} Bg7 {
(01:29} 20. Qe3 {(01:53} Qe6 {(02:45} 21. Nd4 {(
06:05} Qd5 {(03:22} 22. Nxc6 {(00:45} Qxc6 {(01:33}
23. Rad1 {(05:26} Rd5 {(04:10} 24. f4 {(06:17} Rfd8 {
(01:14} 25. Rxd5 {(00:20} Rxd5 {(01:02} 26. b4 {
(01:09} Qd7 {(10:34} 27. e6 {(02:47} fxe6 {(01:
02} 28. Bxg7 {(00:13} Kxg7 {(00:35} 29. Qxe6 {(00:06}
Qxe6 {(02:32} 30. Rxe6 {(00:04} Rd7 {(01:10} 31. Kf2 {
(03:02} Kf7 {(00:50} 32. Re3 {(00:36} b6 {(00:
36} 33. cxb6 c6 34. Rc3 {(02:30} a5 {(05:06} 35. bxa5 {
(00:55} Rd2+ {(01:36} 36. Kf3 {(00:19} Rb2 {(01:
17} 37. Rxc6 {(00:17} Rb3+ {(00:15} 38. Ke4 {(00:11}
Rxa3 {(00:08} 39. b7 {(00:11} Rb3 {(00:50} 40. Rb6 {
(00:13} Rxb6 {(01:42} 41. axb6 {(00:03} Ke6 {(
00:31} 42. b8=Q {(00:04} h5 {(00:24} 43. Qe5+ {(00:07}
Kf7 {(00:13} 44. b7 {(00:03} Kg8 {(00:28} 45. b8=Q+ {
(00:24} Kh7 {(00:19} 46. Qbh8# {(00:09} 1-0

[Event "42nd Olympiad Baku 2016 Women"]
[Site "Baku"]
[Date "2016.09.08"]
[Round "6.3"]
[White "Kabengano, Joyce"]
[Black "Bashaer, Khalil"]
[Result "0-1"]
[ECO "B40"]
[WhiteElo "1559"]
[BlackElo "1584"]
[Annotator ""]
[PlyCount "218"]
[EventDate "2016.??.??"]
[EventType "team-tourn"]
[EventCountry "AZE"]
[SourceTitle "playchess.com"]
[Source "ChessBase"]
[WhiteTeam "Uganda"]
[BlackTeam "United Arab Emirates"]
[WhiteTeamCountry "UGA"]
[BlackTeamCountry "UAE"]
[TimeControl "40/5400+30:1800+30"]

1. e4 {(00:00} c5 {(00:00} 2. Nf3 {(00:00} e6 {(
00:00} 3. d4 {(00:18} cxd4 {(00:00} 4. Nxd4 {(00:33}
Nf6 {(00:00} 5. Nc3 {(00:34} Nc6 {(00:04} 6. a3 {
(01:20} Be7 {(09:36} 7. Bb5 {(11:31} Qb6 {(11:
56} 8. Nxc6 {(07:10} bxc6 {(01:05} 9. Bd3 {(00:35} Ba6
{(02:03} 10. O-O {(01:24} Bxd3 {(01:28} 11. cxd3 {
(02:06} O-O {(09:30} 12. Na4 {(00:33} Qb5 {(03:
08} 13. b4 {(01:59} a5 {(06:27} 14. Nc3 {(04:25} Qb7 {
(02:14} 15. bxa5 {(02:55} Rxa5 {(01:40} 16. Rb1 {
(00:24} Qa8 {(05:17} 17. a4 {(00:35} Rb8 {(01:
27} 18. Bf4 {(02:30} e5 {(05:16} 19. Be3 {(04:56} Bb4
{(03:02} 20. Qb3 {(12:07} d5 {(21:10} 21. exd5 {
(04:54} Nxd5 {(05:19} 22. Bd2 {(04:37} Bd6 {(02:
22} 23. Qc2 {(05:35} Nxc3 {(01:12} 24. Bxc3 {(02:32}
Rxa4 {(01:19} 25. Rxb8+ {(01:38} Bxb8 {(00:07} 26. Rb1
{(00:12} Bd6 {(06:17} 27. g3 {(01:53} Ra2 {(00:
23} 28. Qb3 {(00:36} Qa7 {(00:39} 29. Be1 {(03:01} Ra1
{(00:08} 30. Kg2 {(00:27} Rxb1 {(00:18} 31. Qxb1 {
(00:12} h6 {(00:43} 32. Qc2 {(00:34} Qb7 {(00:
25} 33. f3 {(01:39} Qb5 {(00:33} 34. Bf2 {(01:06} Bf8
35. Be3 {(02:45} Bd6 {(01:44} 36. Bf2 {(00:21} Be7 {
(00:19} 37. Be3 {(00:26} Bf8 {(00:08} 38. Bg1 {(
00:59} Qd5 {(00:19} 39. Bf2 {(00:00} Qb5 {(00:00} 40.
Bg1 {(00:00} Ba3 {(00:00} 41. Bf2 {(02:39} Bb2 {
(02:16} 42. Bg1 {(04:17} Ba3 {(10:16} 43. Bf2 {(
00:34} Kf8 {(00:25} 44. Kf1 {(04:46} Ke7 {(04:07} 45.
Kg2 {(03:07} Bd6 {(04:37} 46. Bg1 {(00:47} Bc7 {
(01:48} 47. Bf2 {(04:22} Bb6 {(02:23} 48. Kf1 {(
02:29} Bxf2 {(05:39} 49. Kxf2 {(00:28} Qd5 {(00:08}
50. h3 {(02:25} Qd4+ {(02:16} 51. Kg2 {(00:16} Qd5 {
(00:14} 52. Kf2 {(00:44} Kd6 {(00:41} 53. Qd2 {(
01:03} Qd4+ {(01:39} 54. Kg2 {(00:25} Qc5 {(00:19} 55.
Qb2 {(02:23} Qa7 {(01:58} 56. Qc2 {(02:05} Qa3 {
(00:35} 57. h4 {(07:48} Qa5 {(00:40} 58. Qb2 {(
01:39} Qa7 {(00:37} 59. Qe2 {(01:55} Qa1 {(00:33} 60.
Qc2 {(04:39} Qa3 {(00:17} 61. Qe2 {(01:13} Qc3 {
(00:49} 62. Qe3 {(01:56} Qc2+ {(00:14} 63. Kh3 {
(00:25} Qb1 {(00:42} 64. Kg2 {(01:41} Qa2+ {(00:
14} 65. Kh3 {(00:13} Qe6+ {(00:32} 66. Kg2 {(00:05}
Qa2+ {(00:06} 67. Kh3 {(00:09} Qb1 {(00:22} 68. Kg2 {
(01:01} Qb2+ {(00:21} 69. Kh3 {(00:09} Qd4 {(00:
17} 70. Qd2 {(00:59} Qb6 {(01:42} 71. Qe2 {(01:36} Qg1
{(00:30} 72. Qe4 {(01:13} Qd4 {(00:27} 73. Qe2 {
(00:19} Qg1 {(00:08} 74. Qe4 {(00:07} Qd4 {(00:
05} 75. Qe2 {(00:14} f5 {(00:18} 76. Kg2 {(00:28} Qd5
{(00:21} 77. Kh2 {(01:23} Qd4 {(00:38} 78. Kg2 {
(00:41} c5 {(00:22} 79. Qc2 {(03:58} e4 {(00:51]
} 80. fxe4 {(00:30} fxe4 {(00:01} 81. dxe4 {(00:09} c4
{(00:42} 82. e5+ {(02:23} Kxe5 {(00:21} 83. Kh2 {
(00:13} Qd3 {(01:01} 84. Qb2+ {(00:15} c3 {(00:
27} 85. Qb8+ {(00:03} Kd4 {(00:47} 86. Qa7+ {(01:12}
Ke4 {(00:38} 87. Qe7+ {(00:29} Kf3 {(00:44} 88. Qf7+ {
(01:20} Ke2 {(00:02} 89. Qh5+ {(00:11} Kd2 {(00:
17} 90. Qa5 {(00:23} Qe2+ {(00:30} 91. Kh3 {(00:08}
Qe6+ {(00:47} 92. Kh2 {(00:12} Qe2+ {(00:05} 93. Kh3 {
(00:03} Qf1+ {(00:23} 94. Kh2 {(00:21} Qf2+ {(
00:18} 95. Kh3 {(00:08} Qe1 {(01:42} 96. Kh2 {(00:20}
Qe6 {(00:30} 97. Qb4 {(01:13} Qe5 {(00:19} 98. Kg2 {
(02:23} Ke3 {(00:40} 99. Qa3 {(00:42} Qd4 {(00:
30} 100. Qb3 {(00:26} Qd3 {(00:14} 101. Qb6+ {(00:19}
Ke2 {(00:39} 102. Qf2+ {(00:25} Kd1 {(00:01} 103. Qg1+
{(00:17} Kc2 {(00:16} 104. Qc5 {(00:24} Kd2 {(
00:16} 105. Qa5 {(00:23} Ke2 {(01:00} 106. Qe5+ {(00:
23} Qe3 {(00:13} 107. Qb5+ {(00:34} Qd3 {(00:45} 108.
Qe5+ {(00:22} Kd1 {(00:29} 109. Kh2 {(01:43} Qe2+ {
(00:23] Qe4} 0-1

[Event "42nd Olympiad Baku 2016 Women"]
[Site "Baku"]
[Date "2016.09.08"]
[Round "6.16"]
[White "Kazimova, Narmin"]
[Black "Melia, Salome"]
[Result "1/2-1/2"]
[ECO "D37"]
[WhiteElo "2302"]
[BlackElo "2419"]
[Annotator ""]
[PlyCount "159"]
[EventDate "2016.??.??"]
[EventType "team-tourn"]
[EventCountry "AZE"]
[SourceTitle "playchess.com"]
[Source "ChessBase"]
[WhiteTeam "Azerbaijan"]
[BlackTeam "Georgia"]
[WhiteTeamCountry "AZE"]
[BlackTeamCountry "GEO"]
[TimeControl "40/5400+30:1800+30"]

1. d4 {(00:00} d5 {(00:00} 2. c4 {(00:00} e6 {(
00:00} 3. Nc3 {(00:00} Be7 {(00:00} 4. Nf3 {(00:12}
Nf6 {(00:00} 5. Bf4 {(00:15} O-O {(00:04} 6. e3 {
(00:09} b6 {(00:15} 7. cxd5 {(00:42} Nxd5 {(00:
18} 8. Nxd5 {(01:00} Qxd5 {(00:12} 9. Bd3 {(01:34}
Qa5+ {(01:19} 10. Ke2 {(05:31} c5 {(00:35} 11. Qd2 {
(25:05} Qxd2+ {(00:56} 12. Kxd2 {(00:03} Nc6 {(
00:08} 13. Be4 {(09:49} Bb7 {(00:34} 14. Ne5 {(01:36}
Rac8 {(00:35} 15. Rhc1 {(05:35} f6 {(13:47} 16. Nxc6 {
(01:52} Bxc6 {(00:15} 17. Bxc6 {(00:35} Rxc6 {(
00:05} 18. Rc2 {(09:00} Rfc8 {(04:26} 19. Rac1 {(02:28]
} c4 {(06:12} 20. a4 {(10:54} a6 {(01:51} 21. e4 {
(03:19} b5 {(03:00} 22. axb5 {(00:22} axb5 {(00:
08} 23. Ke2 {(00:19} Rd8 {(15:35} 24. Rd1 {(01:27}
Rcc8 {(00:28} 25. d5 {(03:12} exd5 {(03:34} 26. exd5 {
(00:04} g5 {(07:45} 27. Bg3 {(02:42} f5 {(02:15]
} 28. Be5 {(05:15} Rc5 {(01:56} 29. Rcd2 {(00:27} b4 {
(00:37} 30. g3 {(05:44} g4 {(07:30} 31. f4 {(00:
17} gxf3+ {(00:33} 32. Kxf3 {(00:04} Bg5 {(01:47} 33.
Bf4 {(02:30} Bf6 {(00:25} 34. d6 {(00:58} Rd7 {(
06:17} 35. Re2 {(01:46} Kf7 {(01:48} 36. h3 {(00:49}
c3 {(05:32} 37. bxc3 {(00:03} Rxc3+ {(00:08} 38. Kg2 {
(01:26} b3 {(02:42} 39. Rd5 {(01:14} Rb7 {(11:
47} 40. d7 {(00:00} b2 {(00:00} 41. Rxf5 {(08:35} Rd3
{(20:45} 42. Bg5 {(03:40} Rdxd7 {(05:54} 43. Rxf6+ {
(03:04} Kg7 {(00:08} 44. Ref2 {(10:42} h5 {(02:
26} 45. Rxb2 {(05:38} Rxb2+ {(00:08} 46. Rf2 {(00:09}
Rxf2+ {(01:22} 47. Kxf2 {(00:01} Kg6 {(00:28} 48. Be3 {
(00:37} Rd3 {(02:03} 49. Kf3 {(00:23} Rb3 {(00:
06} 50. Kf4 {(00:45} Rb4+ {(00:31} 51. Kf3 {(02:45}
Kf5 {(00:06} 52. g4+ {(00:40} hxg4+ {(00:17} 53. hxg4+
{(00:03} Rxg4 {(00:15} 54. Bf2 {(00:31} Rb4 {(
01:21} 55. Ke3 {(00:07} Rb3+ {(01:12} 56. Kd4 {(00:09}
Kf4 {(00:54} 57. Be1 {(00:23} Rb8 {(00:53} 58. Ba5 {
(00:16} Rb7 {(00:23} 59. Bd2+ {(00:32} Kf3 {(00:
32} 60. Ba5 {(00:15} Rd7+ {(00:12} 61. Ke5 {(00:33}
Rd3 {(02:23} 62. Bb6 {(00:12} Rb3 {(00:36} 63. Bc5 {
(00:09} Rb5 {(00:17} 64. Kd5 {(00:09} Ra5 {(00:
14} 65. Kd4 {(00:18} Kf4 {(00:38} 66. Bd6+ {(00:24}
Kf5 {(00:04} 67. Bc5 {(00:52} Ra1 {(00:23} 68. Bb6 {
(01:17} Rd1+ {(01:09} 69. Ke3 {(00:09} Rb1 {(00:
16} 70. Bc7 {(00:27} Rb7 {(01:10} 71. Ba5 {(00:25} Ke5
{(00:10} 72. Bc3+ {(00:10} Kd5 {(00:01} 73. Bf6 {
(00:22} Rb3+ {(00:32} 74. Kf4 {(00:08} Ke6 {(00:
16} 75. Bd4 {(00:21} Rb4 {(00:01} 76. Ke4 {(00:09} Ra4
{(00:06} 77. Ke3 {(00:19} Kd5 {(00:19} 78. Bf6 {
(00:08} Re4+ {(00:05} 79. Kf3 {(00:36} Re8 {(00:
01} 80. Bg7 {(00:38] Ke5 Ke4+} 1/2-1/2

[Event "42nd Olympiad Baku 2016 Women"]
[Site "Baku"]
[Date "2016.09.08"]
[Round "6.31"]
[White "Khalafova, Narmin"]
[Black "Sikorova, Olga"]
[Result "1/2-1/2"]
[ECO "C07"]
[WhiteElo "2219"]
[BlackElo "2234"]
[Annotator ""]
[PlyCount "86"]
[EventDate "2016.??.??"]
[EventType "team-tourn"]
[EventCountry "AZE"]
[SourceTitle "playchess.com"]
[Source "ChessBase"]
[WhiteTeam "Azerbaijan"]
[BlackTeam "Czech Republic"]
[WhiteTeamCountry "AZE"]
[BlackTeamCountry "CZE"]
[TimeControl "40/5400+30:1800+30"]

1. e4 {(00:00} e6 {(00:00} 2. d4 {(00:01} d5 {(
00:00} 3. Nd2 {(00:05} c5 {(00:09} 4. Ngf3 {(00:27}
cxd4 {(00:48} 5. exd5 {(00:53} Qxd5 {(00:45} 6. Bc4 {
(00:27} Qd6 {(01:00} 7. O-O {(00:27} Nf6 {(00:
19} 8. Nb3 {(00:17} Nc6 {(00:16} 9. Nbxd4 {(00:12}
Nxd4 {(00:08} 10. Nxd4 {(00:05} a6 {(00:43} 11. Re1 {
(00:55} Bd7 {(04:24} 12. c3 {(08:24} Qc7 {(05:
20} 13. Bb3 {(06:34} Bd6 {(13:12} 14. h3 {(11:36}
O-O-O {(04:13} 15. Qf3 {(03:49} Qc5 {(04:37} 16. Be3 {
(14:21} Qe5 {(03:07} 17. g3 {(05:06} Qe4 {(03:
26} 18. Qxe4 {(13:24} Nxe4 {(00:02} 19. Bc2 {(00:39}
Nf6 {(06:01} 20. Rad1 {(05:34} Nd5 {(11:51} 21. Bg5 {
(01:41} Be7 {(03:18} 22. Bc1 {(02:14} Bf6 {(01:
12} 23. Nf3 {(04:27} Be8 {(14:15} 24. c4 {(03:04} Nb4
{(01:36} 25. Rxd8+ {(00:18} Bxd8 {(01:30} 26. Bb1 {
(00:24} Nc6 {(04:20} 27. b3 {(04:24} Ba5 {(07:
58} 28. Rd1 {(01:42} f6 {(01:34} 29. g4 {(03:04} Bc3 {
(04:39} 30. Be3 {(01:05} h5 {(01:19} 31. a3 {(
06:19} hxg4 {(00:28} 32. hxg4 {(00:03} Ne5 {(02:18}
33. Nxe5 {(00:42} Bxe5 {(00:01} 34. Be4 {(00:58} Bc6 {
(01:10} 35. Bxc6 {(01:22} bxc6 {(00:01} 36. Kg2 {
(01:13} Rh2+ {(00:56} 37. Kf3 {(00:05} f5 {(00:
23} 38. gxf5 {(01:34} exf5 {(00:02} 39. Rg1 {(00:29}
Rh3+ {(01:07} 40. Kg2 {(00:00} Rh2+ {(00:00} 41. Kf3 {
(04:16} Rh3+ {(02:30} 42. Kg2 {(03:33} Rh2+ {(
02:21} 43. Kf3 {(03:04} Rh3+ {(00:26] Ke4} 1/2-1/2